 Dungeon Crawl Stone Soup version 0.27-a0-819-g058290f16d (webtiles) character file.

Game seed: 5496688641432780832

90 polve the Slasher (level 4, -8/34 (35) HPs)
             Began as a Demonspawn Abyssal Knight on Mar 29, 2021.
             Was a Believer of Lugonu.
             Mangled by Crazy Yiuf
             ... wielding a +2 quarterstaff of chaos
              (11 damage)
             ... while paralysed by Crazy Yiuf
             ... on level 2 of the Dungeon.
             The game lasted 00:01:50 (2479 turns).

polve the Slasher (Demonspawn Abyssal Knight)       Turns: 2479, Time: 00:01:51

HP:   -8/34 (35)    AC:  5    Str: 13    XL:     4   Next: 32%
MP:   5/5           EV:  2    Int: 14    God:    Lugonu [**....]
Gold: 33            SH:  0    Dex: 12    Spells: 3/3 levels left

rFire    . . .     SeeInvis .   b - +2 dagger (elec)
rCold    . . .     Faith    +   (no shield)
rNeg     + . .     Spirit   .   m - +0 leather armour
rPois    .         Reflect  .   (no helmet)
rElec    .         Harm     .   l - +0 cloak
rCorr    .         Rampage  .   (no gloves)
Will     .....                  e - +0 pair of boots
Stlth    +.........             f - amulet of faith
HPRegen  0.11/turn              i - ring of positive energy
MPRegen  0.09/turn              (no ring)

@: paralysed, lightly drained
A: demonic guardian 1, powered by death 1
a: Renounce Religion, Depart the Abyss, Bend Space


You were on level 2 of the Dungeon.
You worshipped Lugonu.
Lugonu was pleased with you.
You visited 1 branch of the dungeon, and saw 2 of its levels.
You visited the Abyss 1 time.

You collected 33 gold pieces.

Inventory:

Hand Weapons
 a - a +1 falchion
 b - a +2 dagger of electrocution (weapon)
Armour
 e - a +0 pair of boots (worn)
 l - a +0 cloak (worn)
 m - a +0 leather armour (worn)
Jewellery
 f - an amulet of faith (around neck)
 i - a ring of positive energy (left hand)
Scrolls
 c - 2 scrolls of teleportation {unknown}
 g - a scroll of fog {unknown}
 h - 2 scrolls of immolation {unknown}
 k - a scroll of enchant armour {unknown}
 p - a scroll of fear {unknown}
Potions
 d - a potion of flight {unknown}
 j - a potion of magic {unknown}
 n - a potion of haste {unknown}
 o - a potion of degeneration {unknown}


   Skills:
 + Level 3.3 Fighting
 - Level 3.4 Long Blades
 + Level 2.2 Armour
 + Level 1.5 Dodging
 - Level 2.4 Invocations


You had 3 spell levels left.
You didn't know any spells.
Your spell library contained the following spells:

 Spells                   Type           Power      Damage    Failure   Level
 Beastly Appendage        Tmut           0%         N/A       36%         1
 Magic Dart               Conj           0%         1d3       36%         1
 Blink                    Tloc           N/A        N/A       50%         2
 Call Imp                 Summ           0%         N/A       50%         2
 Slow                     Hex            0%         N/A       50%         2
 Wereblood                Tmut           0%         N/A       50%         2
 Confusing Touch          Hex            0%         N/A       73%         3
 Conjure Flame            Conj/Fire      0%         6-21      73%         3
 Gell's Gravitas          Tloc           0%         N/A       73%         3
 Mephitic Cloud           Conj/Pois/Air  0%         N/A       73%         3
 Spider Form              Tmut/Pois      0%         N/A       73%         3
 Ice Form                 Ice/Tmut       0%         N/A       98%         4
 Petrify                  Tmut/Erth      0%         N/A       98%         4
 Blade Hands              Tmut           0%         N/A       100%        5
 Metabolic Englaciation   Hex/Ice        0%         N/A       100%        5
 Yara's Violent Unravell  Hex/Tmut       0%         3d3       100%        5


Dungeon Overview and Level Annotations

Branches:
Dungeon (2/15)

Altars:
Qazlal

Annotations:
D:2 Crazy Yiuf


Innate Abilities, Weirdness & Mutations

A weak demonic guardian rushes to your aid.
You regenerate a little health from kills.


Message History

An adder is nearby!
An adder is nearby!
You closely miss the adder.
The adder is moderately wounded.
You feel sick. The adder closely misses you.
You hit the adder. Lightning courses through the adder!
You kill the adder!
Lugonu accepts your kill.
You feel sick.
You feel sick.
You feel sick.
You are no longer poisoned.
Key pressed, stopping explore.
Crazy Yiuf shouts!
Could not explore, unopened runed door.
Could not explore, unopened runed door.
Could not explore, unopened runed door.
Could not explore, unopened runed door.
You open the door. You hit Crazy Yiuf.
Crazy Yiuf is moderately wounded.
Crazy Yiuf hits you with a +2 quarterstaff of chaos!
A demonic guardian appears!
You partially resist.
You feel drained.
You hit Crazy Yiuf.
Crazy Yiuf is heavily wounded.
Crazy Yiuf misses you.
You hit Crazy Yiuf.
Crazy Yiuf is heavily wounded.
Crazy Yiuf hits you with a +2 quarterstaff of chaos.
You suddenly lose the ability to move!
Crazy Yiuf hits you with a +2 quarterstaff of chaos!
Crazy Yiuf freezes you.
* * * LOW HITPOINT WARNING * * *
Crazy Yiuf hits you with a +2 quarterstaff of chaos.
* * * LOW HITPOINT WARNING * * *
Crazy Yiuf freezes you.
* * * LOW HITPOINT WARNING * * *
Crazy Yiuf hits you but does no damage.
Crazy Yiuf hits you with a +2 quarterstaff of chaos!
You die...

###.)).##
#......#.
#)...#
###.##.#.
#....#
#.##.#.
#...##
#...... ##.##
####.## #.##
###### #.#
##.#
#....####.##
#5##
#....#......
##@#
#.........##
#g#
#....#.#.#.#
...
#....#..###.
#...#
#....#.#.#.#
#..)#
######.#..##
#####
##......
#.......
######.##..#.
#.......#....


You could see Crazy Yiuf (ally target) and a friendly white imp (summoned).

Vanquished Creatures
  An adder (D:2)
  2 gnolls (D:2)
  2 dart slugs
  3 bats (D:1)
  3 endoplasms
  3 giant cockroaches
  3 hobgoblins
  9 jackals
  2 quokkas (D:2)
  6 ball pythons
  3 frilled lizards
  2 kobolds
  5 rats
44 creatures vanquished.

Vanquished Creatures (collateral kills)
  A gnoll (D:2)
  A ball python (D:2)
  An endoplasm (D:1)
  A frilled lizard (D:1)
  A rat (D:1)
5 creatures vanquished.

Grand Total: 49 creatures vanquished

Notes
Turn   | Place    | Note
-------+----------+-------------------------------------------
     0 | Abyss:1  | polve the Demonspawn Abyssal Knight began the quest for the
                  | Orb.
     0 | Abyss:1  | Reached XP level 1. HP: 18/18 MP: 2/2
    65 | Abyss:1  | Noticed a worldbinder
    77 | D:1      | Escaped the Abyss
   148 | D:1      | Reached * piety under Lugonu
   233 | D:1      | Gained mutation: A weak demonic guardian rushes to your
                  | aid. [demonic ancestry]
   233 | D:1      | Reached XP level 2. HP: 17/24 MP: 3/3
  1091 | D:1      | Reached XP level 3. HP: 29/29 MP: 4/4
  1626 | D:2      | Reached ** piety under Lugonu
  1738 | D:2      | Reached skill level 1 in Dodging
  1765 | D:2      | Gained mutation: You regenerate a little health from kills.
                  | [demonic ancestry]
  1765 | D:2      | Reached XP level 4. HP: 13/35 MP: 5/5
  2037 | D:2      | Noticed a water elemental
  2040 | D:2      | Found a stormy altar of Qazlal.
  2043 | D:2      | Noticed an earth elemental
  2043 | D:2      | Noticed an air elemental
  2043 | D:2      | Noticed a fire elemental
  2103 | D:2      | Found a runed translucent door.
  2104 | D:2      | Noticed Crazy Yiuf
  2475 | D:2      | Paralysed by Crazy Yiuf for 5 turns
  2479 | D:2      | Mangled by Crazy Yiuf

Illustrated notes

Levels and vault maps discovered:
D:1:      dpeg_arrival_fog, layout_basic, minmay_statues_item, st_stairs_3
D:2:      layout_loops_cross, nicolae_qazlal_style_of_elements,
          uniq_crazy_yiuf_cottage

Skill      XL: |  1  2  3 |
---------------+----------+-----
Long Blades    | 2 3 |  3.4
Dodging        | 1 |  1.5
Armour         | 2 |  2.2
Fighting       | |  3.3
Invocations    | |  2.4

Action                   |  1- 3 |  4- 6 || total
-------------------------+-------+-------++-------
Melee: Falchion          |    68 |       ||    68
       Dagger            |    31 |    18 ||    49
Invok: Depart the Abyss  |     1 |       ||     1
Armor: Leather armour    |    27 |     6 ||    33
Dodge: Dodged            |    60 |     8 ||    68
       Rpst.: Falchion   |    14 |       ||    14

Table legend: (Time is in decaauts)
 A = Elapsed time spent in this place.
 B = Non-inter-level travel time spent in this place.
 C = Inter-level travel time spent in this place.
 D = Time resting spent in this place.
 E = Time spent auto-exploring this place.
 F = Levels seen in this place.
 G = Mean time per level.
                   A        B        C        D        E       F      G
               +--------+--------+--------+--------+--------+-----+--------+
         Total |   2481 |   2423 |     58 |      0 |   2123 |   3 |  827.0 |
       Dungeon |   2404 |   2346 |     58 |      0 |   2058 |   2 | 1202.0 |
         Abyss |     77 |     77 |      0 |      0 |     65 |   1 |   77.0 |
               +--------+--------+--------+--------+--------+-----+--------+

Top non-repeatable levels by time:
     D:1: 1365 daAuts
     D:2: 1039 daAuts
 Abyss:1: 77 daAuts
